Map: Dusk Towers

Players

capac - Winner!

  • Race: Terran Terran
  • League: Gold

Naring

  • Race: Protoss Protoss
  • League: Gold

VOD

Have the link to the VOD?

Description

Time

  • Played on: March 3, 2016, 12:58 p.m.
  • Length: 6:43
Show
View Real Time Build Order
Export as new Build Order

capac Terran - Winner!

Build Orders:  

Get SALT Encoding   

  12  0:01  SCV  
  13  0:13  SCV  
  14  0:18  Supply Depot  
  14  0:25  SCV  
  15  0:40  SCV  
  16  0:43  Barracks  
  16  0:52  Refinery, SCV  
  18  1:04  SCV  
  18  1:16  SCV  
  19  1:28  SCV  
  20  1:36  Barracks Reactor  
  20  1:38  Command Center  
  20  1:40  SCV  
  21  1:54  Supply Depot  
  21  1:58  Orbital Command  
  21  2:13  Marine  
  21  2:14  Marine  
  23  2:19  Factory  
  23  2:27  SCV  
  24  2:30  Barracks  
  24  2:36  Marine x2  
  26  2:43  SCV  
  27  2:45  Refinery  
  27  2:54  Marine x2  
  29  2:58  SCV  
  29  3:00  Orbital Command  
  30  3:15  SCV  
  30  3:16  Marine x2  
  30  3:18  Barracks Tech Lab  
  33  3:20  Factory Reactor  
  33  3:22  Starport  
  32  3:30  Engineering Bay  
  32  3:33  SCV x2  
  34  3:40  Marine  
  34  3:41  Marine  
  36  3:44  Marine  
  36  3:47  SCV  
  38  3:58  SCV  
  38  4:00  SCV  
  40  4:04  Supply Depot  
  40  4:11  Missile Turret  
  40  4:13  SCV  
  40  4:14  SCV  
  42  4:18  Missile Turret  
  42  4:20  Marine  
  42  4:21  Marine  
  42  4:22  Factory Tech Lab  
  42  4:23  Medivac  
  46  4:25  Medivac  
  46  4:28  Supply Depot  
  48  4:37  SCV x2  
  50  4:40  Missile Turret  
  50  4:41  Marine x2  
  52  4:49  Siege Tank  
  52  4:52  Supply Depot  
  55  4:57  Liberator  
  55  5:12  Marine x3  
  58  5:16  SCV x2  
  58  5:19  Supply Depot  
  63  5:29  Refinery, SCV x2  
  65  5:42  Supply Depot  
  65  5:59  Marine  
  65  6:00  Marine x2, Siege Tank  
  74  6:13  Viking x2  
  75  6:19  Marine x3  
Show
View Real Time Build Order
Export as new Build Order

Naring Protoss 

Build Orders: 1 Gate Expand 

Get SALT Encoding   

  12  0:02  Probe (Chrono Boost)  
  13  0:13  Probe (Chrono Boost)  
  14  0:23  Probe (Chrono Boost)  
  14  0:27  Pylon  
  15  0:46  Probe (Chrono Boost), Gateway  
  15  0:48  Assimilator  
  16  0:56  Probe (Chrono Boost)  
  17  1:07  Probe (Chrono Boost)  
  18  1:17  Assimilator  
  18  1:21  Probe (Chrono Boost)  
  19  1:28  Nexus  
  19  1:32  Probe (Chrono Boost)  
  20  1:41  Cybernetics Core  
  20  1:45  Probe (Chrono Boost)  
  21  2:04  Probe (Chrono Boost)  
  22  2:14  Probe (Chrono Boost)  
  23  2:22  Pylon  
  23  2:24  Warp Gate (Chrono Boost)  
  23  2:32  Gateway  
  23  2:36  Pylon  
  23  2:39  Probe, Adept  
  26  2:44  Pylon  
  26  2:46  Probe  
  27  2:51  Probe  
  27  2:56  Stargate  
  27  2:57  Probe  
  29  3:16  Probe  
  29  3:17  Probe  
  31  3:26  Probe  
  31  3:27  Adept x2  
  31  3:30  Probe (Chrono Boost)  
  37  3:37  Assimilator  
  37  3:38  Probe (Chrono Boost)  
  38  3:41  Assimilator  
  38  3:42  Probe (Chrono Boost)  
  38  3:44  Pylon  
  39  3:49  Probe (Chrono Boost)  
  40  3:57  Probe (Chrono Boost), Fleet Beacon  
  40  4:00  Probe (Chrono Boost)  
  44  4:14  Probe x2 (Chrono Boost)  
  46  4:19  Pylon  
  46  4:20  Gateway  
  46  4:31  Adept  
  46  4:40  Tempest  
  50  4:48  Adept  
  52  4:53  Probe x2 (Chrono Boost)  
  52  4:58  Forge  
  54  5:01  Forge  
  54  5:06  Pylon  
  54  5:12  Adept  
  54  5:13  Adept  
  58  5:27  Tempest  
  62  5:40  Pylon  
  62  5:44  Photon Cannon  
  61  5:53  Adept x2  
  65  6:08  Stalker  
Tags
 
Add a new tag
Caveats
  • Supply blocks, unpowered buildings, or Contaminate may cause inaccurate times.
  • Supply counts are checked every 10 seconds.